 Dungeon Crawl Stone Soup version 0.29-a0-231-g945431f764 (webtiles) character file.

Game seed: 9071203879970004516

4030 Ajdolov the Quickloader (level 10, -14/76 HPs)
             Began as a Formicid Hunter on Feb 28, 2022.
             Killed from afar by an acid dragon (29 damage)
             ... with a splash of acid
             ... on level 8 of the Dungeon.
             The game lasted 00:26:12 (11793 turns).

Ajdolov the Quickloader (Formicid Hunter)          Turns: 11793, Time: 00:26:12

Health: -14/76     AC:  3    Str: 21    XL:     10   Next: 48%
Magic:  10/10      EV: 13    Int: 15    God:
Gold:   438        SH:  6    Dex: 19    Spells: 9/9 levels left

rFire   . . .      SeeInvis +   a - +1 hand crossbow
rCold   . . .      Faith    .   C - +0 buckler
rNeg    . . .      Spirit   .   r - +4 robe of Augmentation {Str+4 Int+4 Dex+4}
rPois   .          Reflect  .   (helmet unavailable)
rElec   .          Harm     .   (no cloak)
rCorr   .          Rampage  .   (no gloves)
Will    +....                   g - +0 pair of boots
Stlth   ++........              (no amulet)
HPRegen 0.22/turn               k - ring of flight
MPRegen 0.12/turn               (no ring)

@: corroded, flying
A: permanent stasis, dig shafts and tunnels, antennae 3, four strong arms
a: Dig, Shaft Self


You were on level 8 of the Dungeon.
You visited 2 branches of the dungeon, and saw 9 of its levels.

You collected 438 gold pieces.

Inventory:

Hand Weapons
 a - a +1 hand crossbow (weapon)
 b - a +0 falchion
Armour
 g - a +0 pair of boots (worn)
 p - a +0 tower shield
 r - the +4 robe of Augmentation (worn) {Str+4 Int+4 Dex+4}
   (You found it on level 5 of the Dungeon)

   Str:       It affects your strength (+4).
   Int:       It affects your intelligence (+4).
   Dex:       It affects your dexterity (+4).
 u - a +3 scale mail
 C - a +0 buckler (worn)
Jewellery
 d - a ring of ice
 e - a ring of wizardry
 k - a ring of flight (left hand)
 B - a ring of positive energy
Wands
 t - a wand of paralysis (3)
 v - a wand of flame (7)
Scrolls
 h - 3 scrolls of identify {unknown}
 i - 2 scrolls of magic mapping {unknown}
 j - a scroll of fear {unknown}
 l - a scroll of immolation {unknown}
 m - a scroll of noise {unknown}
 q - a scroll of amnesia {unknown}
 x - 3 scrolls of summoning {unknown}
 y - a scroll of blinking {unknown}
Potions
 c - a potion of berserk rage {unknown}
 f - 3 potions of attraction {unknown}
 o - 5 potions of lignification {unknown}
 s - 4 potions of curing
 w - 2 potions of invisibility {unknown}
 z - a potion of flight {unknown}
 A - a potion of magic


   Skills:
 * Level 5.8 Fighting
 + Level 13.0 Crossbows
 + Level 3.5 Dodging
 - Level 1.2 Stealth
 - Level 5.0 Shields


You had 9 spell levels left.
You didn't know any spells.
Your spell library contained the following spells:

 Spells                   Type           Power      Damage    Failure   Level
 Magic Dart               Conj           0%         1d3       32%         1
 Call Imp                 Summ           0%         N/A       43%         2
 Sublimation of Blood     Necr           0%         N/A       43%         2
 Wereblood                Tmut           0%         N/A       43%         2
 Mephitic Cloud           Conj/Pois/Air  0%         N/A       67%         3
 Summon Hydra             Summ           0%         N/A       100%        7


Dungeon Overview and Level Annotations

Branches:
Dungeon (8/15)             Temple (1/1) D:6
   Lair: D:8-11

Altars:
Ashenzari
Cheibriados
Dithmenos
Gozag
Kikubaaqudgha
Nemelex Xobeh
Okawaru
Qazlal
Ru
Uskayaw
Wu Jian
Xom
Zin
The Shining One


Innate Abilities, Weirdness & Mutations

You cannot be hasted, slowed, berserked, paralysed or teleported.
You can dig through walls and to a lower floor.
You have a pair of large antennae on your head. (SInv)
Your four strong arms can wield two-handed weapons with a shield.


Message History

The curare-tipped dart hits the acid dragon.
The acid dragon is heavily wounded.
The acid dragon bites you but does no damage.
The acid dragon misses you.
Throw: 2 darts (curare)
Press: ? - help, Shift-Dir - straight line, f/p - acid dragon
Aim: an acid dragon (heavily wounded, 63% to hit)
You throw a curare-tipped dart.
The curare-tipped dart hits the acid dragon.
The acid dragon is heavily wounded.
The acid dragon spits acid at you. The splash of acid misses you.
Unknown command.
The acid dragon spits acid at you. The splash of acid hits you!
The acid corrodes you!
Throw: dart (curare)
Press: ? - help, Shift-Dir - straight line, f/p - acid dragon
Aim: an acid dragon (heavily wounded, 63% to hit)
You throw a curare-tipped dart.
The curare-tipped dart hits the acid dragon.
The acid dragon is heavily wounded.
Unknown command.
The acid dragon spits acid at you. The splash of acid hits you!
* * * LOW HITPOINT WARNING * * *
Throw: 2 throwing nets
Press: ? - help, Shift-Dir - straight line, f/p - acid dragon
Aim: an acid dragon (heavily wounded, catching its breath, 63% to hit)
You throw a throwing net.
The throwing net closely misses the acid dragon.
Throw: throwing net
Press: ? - help, Shift-Dir - straight line, f/p - acid dragon
Aim: an acid dragon (heavily wounded, catching its breath, 63% to hit)
You throw a throwing net.
The throwing net closely misses the acid dragon.
The acid dragon closely misses you. The acid dragon barely misses you.
Unknown command.
The acid dragon spits acid at you. The splash of acid hits you!!
You die...

..... .(. #.# #.#
#.# #.# #+# #.#
#.#########
###(#####
#...<.....###.
#..(....#
##@###......)..
#.#.###.#
##...##.###.####
#.#.###.###D....#.#
#.#(.(............#
#.#####.#####.#####
#.# #)# #.#
#.#####.#
#.#######.
#.......#
#.........
#########
#.########


You could see an acid dragon (catching breath).

Vanquished Creatures
  Pikel (D:4)
  Grinder (D:5)
  4 yaks (D:7)
  Edmund (D:4)
  A water moccasin (D:5)
  2 orc warriors
  A black bear (D:7)
  An ice beast (D:7)
  2 sky beasts
  3 ogres
  2 centaurs (D:7)
  2 lemures (D:4)
  A kobold brigand (D:6)
  A scorpion (D:5)
  3 water moccasin zombies (D:5)
  4 wights (D:7)
  A wyvern skeleton (D:5)
  A water moccasin skeleton (D:5)
  2 jellies
  2 centaur zombies (D:5)
  3 hounds
  A bullfrog skeleton (D:5)
  An orc priest (D:4)
  A gnoll shaman (D:7)
  A centaur skeleton (D:5)
  2 scorpion zombies (D:5)
  Ijyb (D:5)
  6 iguanas
  6 orc wizards
  2 hound zombies (D:5)
  A hound skeleton (D:5)
  Robin (D:2)
  10 gnolls
  9 adders
  A white imp (D:6)
  2 ufetubi (D:5)
  3 dart slugs
  20 orcs
  8 endoplasms
  A giant cockroach (D:1)
  9 hobgoblins
  4 jackals (D:5)
  15 kobolds
  2 quokkas
  8 ball pythons
  3 bats
  2 frilled lizards
  12 goblins
  3 rats
174 creatures vanquished.

Vanquished Creatures (others)
  5 withered plants (D:5)
5 creatures vanquished.

Grand Total: 179 creatures vanquished

Notes
Turn   | Place    | Note
-------+----------+-------------------------------------------
     0 | D:1      | Ajdolov the Formicid Hunter began the quest for the Orb.
     0 | D:1      | Reached XP level 1. HP: 16/16 MP: 1/1
   267 | D:1      | Reached XP level 2. HP: 22/22 MP: 2/2
  1097 | D:2      | Reached XP level 3. HP: 27/27 MP: 3/3
  1194 | D:2      | Noticed Robin
  1217 | D:2      | Reached skill level 5 in Crossbows
  1587 | D:2      | Killed Robin
  1588 | D:2      | Reached XP level 4. HP: 18/33 MP: 4/4
  1797 | D:2      | Found a faded altar of an unknown god.
  2142 | D:2      | Found a glowing golden altar of the Shining One.
  2591 | D:3      | Found a glowing golden altar of the Shining One.
  2842 | D:3      | Noticed a necrophage
  3661 | D:4      | Reached XP level 5. HP: 38/38 MP: 5/5
  3737 | D:4      | Found a broken altar of Ashenzari.
  3737 | D:4      | Noticed Edmund
  3750 | D:4      | Reached skill level 6 in Crossbows
  3761 | D:4      | Killed Edmund
  3762 | D:4      | Reached XP level 6. HP: 28/44 MP: 6/6
  4162 | D:4      | Found an ornate altar of the Wu Jian Council.
  4188 | D:4      | Reached skill level 7 in Crossbows
  4802 | D:5      | Entered Level 5 of the Dungeon
  5047 | D:5      | Reached XP level 7. HP: 39/50 MP: 7/7
  5090 | D:5      | Noticed a water moccasin
  5140 | D:5      | Reached skill level 8 in Crossbows
  5167 | D:5      | Found the +4 robe of Augmentation {Str+4 Int+4 Dex+4}
  5449 | D:5      | Identified the +11 mace of Impatience {vorpal, rF+ rC+
                  | Int+3}
  5870 | D:5      | Reached skill level 9 in Crossbows
  5927 | D:5      | Noticed Grinder
  6016 | D:5      | Killed Grinder
  6017 | D:5      | Reached XP level 8. HP: 34/56 MP: 8/8
  6274 | D:5      | Reached skill level 10 in Crossbows
  6639 | D:5      | Noticed Ijyb
  6652 | D:5      | Killed Ijyb
  6727 | D:5      | Noticed Pikel
  6735 | D:5      | You are sucked into a shaft and drop 2 floors!
  6740 | D:7      | Noticed a yak
  6764 | D:6      | Reached skill level 11 in Crossbows
  6957 | D:5      | Reached XP level 9. HP: 61/61 MP: 9/9
  7731 | D:4      | Killed Pikel
  7732 | D:4      | Reached skill level 12 in Crossbows
  8996 | D:6      | Found a staircase to the Ecumenical Temple.
  9005 | Temple   | Entered the Ecumenical Temple
  9824 | D:7      | Reached skill level 1 in Shields
 10006 | D:7      | Reached XP level 10. HP: 33/70 MP: 10/10
 10864 | D:7      | Reached skill level 5 in Shields
 11023 | D:7      | Found an iron altar of Okawaru.
 11155 | D:7      | Reached skill level 5 in Fighting
 11717 | D:8      | Reached skill level 13 in Crossbows
 11793 | D:8      | Killed from afar by an acid dragon

Illustrated notes

Levels and vault maps discovered:
D:1:      minmay_arrival_four_circles, layout_loops_corners,
          kennysheep_minor_cross, hex_medium
D:2:      layout_basic, ebering_ecumenical_altar_sacrificial, basic_altar,
          uniq_robin
D:3:      layout_loops_ring, tso_metal_star, minmay_misc_feat_alley
D:4:      layout_loops_ring, pdpol_wu_jian_five_deadly_venoms,
          mainiacjoe_overflow_boulevard, uniq_edmund
D:5:      layout_basic, serial_undead, serial_undead_c, serial_undead_b,
          serial_undead_a, serial_undead_b, serial_undead_d, serial_undead_f,
          serial_undead_e, minmay_starry_boxes, uniq_ijyb, uniq_grinder,
          uniq_pikel
D:6:      layout_loops_ring, minmay_temple_entry_poolview
D:7:      layout_loops_corners, general_overflow_altar, corexii_corridor_pit
D:8:      layout_loops_corners, uniq_maggie
Temple:   compressed_dpeg_circular_temple

Skill      XL: |  1  2  3  4  5  6  7  8  9 10 |
---------------+-------------------------------+-----
Crossbows      | 5 6 7 9 11 12 13 | 13.0
Dodging        | 2 3 |  3.5
Shields        | 3 5 |  5.0
Fighting       | 3 5 |  5.8
Stealth        | |  1.2

Action                   |  1- 3 |  4- 6 |  7- 9 | 10-12 || total
-------------------------+-------+-------+-------+-------++-------
Melee: Hand crossbow     |     3 |     2 |       |       ||     5
       Whip              |       |    24 |    53 |       ||    77
       Punch             |       |     3 |     4 |       ||     7
       Short sword       |       |       |   113 |       ||   113
       Falchion          |       |       |    56 |       ||    56
 Fire: Hand crossbow     |    90 |   121 |   268 |   165 ||   644
Throw: Throwing net      |       |       |     1 |     2 ||     3
       Dart              |       |       |       |     6 ||     6
 Abil: Dig               |     1 |       |     2 |       ||     3
       Shaft Self        |       |       |     1 |       ||     1
Evoke: Wand              |       |     4 |     4 |       ||     8
  Use: Potion            |       |     2 |       |       ||     2
 Stab: Held in net/web   |       |       |     1 |       ||     1
Armor: Leather armour    |    22 |    14 |       |       ||    36
       Robe              |       |       |   124 |    13 ||   137
Dodge: Dodged            |    22 |    37 |   227 |    32 ||   318
Block: Buckler           |       |       |       |     7 ||     7

Table legend: (Time is in decaauts)
 A = Elapsed time spent in this place.
 B = Non-inter-level travel time spent in this place.
 C = Inter-level travel time spent in this place.
 D = Time resting spent in this place.
 E = Time spent auto-exploring this place.
 F = Levels seen in this place.
 G = Mean time per level.
                   A        B        C        D        E       F      G
               +--------+--------+--------+--------+--------+-----+--------+
         Total |  11885 |  11259 |    626 |   2884 |   5456 |   9 | 1320.6 |
       Dungeon |  11804 |  11185 |    619 |   2884 |   5391 |   8 | 1475.5 |
        Temple |     81 |     74 |      7 |      0 |     65 |   1 |   81.0 |
               +--------+--------+--------+--------+--------+-----+--------+

Top non-repeatable levels by time:
     D:5: 2252 daAuts
     D:4: 2127 daAuts
     D:7: 1833 daAuts
     D:6: 1404 daAuts
     D:3: 1380 daAuts
     D:1: 1306 daAuts
     D:2: 1304 daAuts
     D:8: 195 daAuts
  Temple: 81 daAuts
